 Dungeon Crawl Stone Soup version 0.28-a0-268-g3f656e82c2 (webtiles) character file.

Game seed: 8164388344992930808

7672 Conn the Arsonist (level 11, -9/63 HPs)
             Began as an Octopode Fire Elementalist on Aug 28, 2021.
             Was a Follower of Sif Muna.
             Shot with an arrow by a centaur warrior (25 damage)
             ... on level 10 of the Dungeon.
             The game lasted 00:37:04 (13987 turns).

Conn the Arsonist (Octopode Fire Elementalist)     Turns: 13987, Time: 00:37:06

Health: -9/63      AC:  1    Str:  7    XL:     11   Next: 18%
Magic:  11/22      EV: 14    Int: 21    God:    Sif Muna [*.....]
Gold:   569        SH:  0    Dex: 13    Spells: 3/24 levels left

rFire   + . .      SeeInvis .   a - +1 short sword (protect)
rCold   x . .      Faith    .   (no shield)
rNeg    . . .      Spirit   .   (helmet restricted)
rPois   .          Reflect  .   (no amulet)
rElec   .          Harm     .   m - ring of fire
rCorr   .          Rampage  .   B - ring of wizardry
Will    .....                   (no ring)
Stlth   ++++......              (no ring)
HPRegen 0.20/turn               (no ring)
MPRegen 0.18/turn               (no ring)
                                (no ring)
                                (no ring)

@: no status effects
A: almost no armour, amphibious, 8 rings, camouflage 1, gelatinous body 1,
(nimble swimmer 1), tentacles
a: Renounce Religion, Channel Magic


You were on level 10 of the Dungeon.
You worshipped Sif Muna.
Sif Muna was aware of your devotion.
You visited 2 branches of the dungeon, and saw 11 of its levels.

You collected 569 gold pieces.

Inventory:

Hand Weapons
 a - a +1 short sword of protection (weapon)
 b - a +7 short sword of holy wrath
 g - a +5 battleaxe
 h - a +0 dagger
Jewellery
 m - a ring of fire (left tentacle)
 w - a ring of fire
 B - a ring of wizardry (right tentacle)
Wands
 n - a wand of iceblast (13)
 t - a wand of polymorph (21)
 u - a wand of flame (15)
 A - a wand of mindburst (14)
Scrolls
 c - 2 scrolls of fog
 d - 5 scrolls of teleportation
 e - a scroll of silence
 f - 2 scrolls of magic mapping
 y - a scroll of enchant armour
 z - a scroll of immolation {unknown}
Potions
 i - 2 potions of berserk rage {unknown}
 j - a potion of haste
 k - 3 potions of curing
 l - a potion of mutation
 o - 2 potions of attraction {unknown}
 p - 2 potions of heal wounds
 q - a potion of brilliance {unknown}
 r - a potion of lignification {unknown}
 s - a potion of degeneration {unknown}
 v - a potion of ambrosia
 x - 3 potions of might
 C - a potion of experience {unknown}


   Skills:
 + Level 1.6 Fighting
 + Level 3.6 Short Blades
 + Level 3.4 Dodging
 + Level 6.0 Stealth
 + Level 7.4 Spellcasting
 + Level 8.3 Conjurations
 + Level 3.2 Hexes
 * Level 2.3 Summonings
 + Level 3.2 Translocations
 + Level 9.4 Fire Magic
 * Level 2.2 Invocations


You had 3 spell levels left.
You knew the following spells:

 Your Spells              Type           Power      Damage    Failure   Level
a - Foxfire               Conj/Fire      100%       2x1d9     1%          1
b - Conjure Flame         Conj/Fire      61%        6-21      1%          3
c - Inner Flame           Hex/Fire       51%        N/A       1%          3
d - Sticky Flame          Conj/Fire      61%        2d8       1%          4
e - Fireball              Conj/Fire      30%        3d13      2%          5
f - Blink                 Tloc           N/A        N/A       1%          2
g - Summon Guardian Gole  Hex/Summ       19%        N/A       3%          3

Your spell library contained the following spells:

 Spells                   Type           Power      Damage    Failure   Level
 Lesser Beckoning         Tloc           10%        N/A       2%          3
 Passwall                 Tmut/Erth      5%         N/A       5%          2
 Sublimation of Blood     Necr           3%         N/A       5%          2
 Wereblood                Tmut           7%         N/A       5%          2
 Swiftness                Air            7%         N/A       11%         3
 Summon Ice Beast         Ice/Summ       12%        N/A       21%         4
 Manifold Assault         Tloc           21%        N/A       24%         5
 Summon Mana Viper        Hex/Summ       19%        N/A       28%         5
 Orb of Destruction       Conj           21%        9d9       65%         7
 Invisibility             Hex            10%        N/A       77%         6
 Spellforged Servitor     Conj/Summ      15%        N/A       95%         7
 Monstrous Menagerie      Summ           8%         N/A       100%        7
 Summon Hydra             Summ           8%         N/A       100%        7


Dungeon Overview and Level Annotations

Branches:
Dungeon (10/15)            Temple (1/1) D:7            Lair (0/6) D:9
    Orc (0/2) D:10

Altars:
Ashenzari
Cheibriados
Dithmenos
Elyvilon
Fedhas
Gozag
Hepliaklqana
Kikubaaqudgha
Makhleb
Nemelex Xobeh
Okawaru
Qazlal
Ru
Sif Muna
Trog
Uskayaw
Vehumet
Wu Jian
Xom

Annotations:
D:2 Terence
D:6 2 transporters, sorkRocket's ghost, amateur MiFi


Innate Abilities, Weirdness & Mutations

You cannot wear most types of armour.
You are amphibious.
You can wear up to eight rings at the same time.
Your skin changes colour to match your surroundings (Stealth+).
Your rubbery body absorbs attacks. (AC +1, EV +1)
((You are camouflaged near water. (Stealth+)))
You have tentacles for arms and can constrict up to eight enemies at once.


Message History

n - a wand of iceblast (13) (gained 9 charges)
There is an open door here.
You open the door.
Found 4 curare-tipped darts.
There is an open door here.
A centaur warrior comes into view.
Casting: Foxfire (safe; 1% risk of failure)
Confirm with . or Enter, or press ? or * to list all spells.
Aiming: Inner Flame (safe; 1% risk of failure)
Press: ? - help, Shift-Dir - straight line, f - centaur warrior
Aim: a centaur warrior, quivering arrows (asleep, chance to affect: 84%)
You feel a surge of power!
The centaur warrior shouts!
The centaur warrior barely resists.
The centaur warrior wields a +0 shortbow.
The centaur warrior shoots an arrow.
The arrow hits you!
Casting: Inner Flame (safe; 1% risk of failure)
Confirm with . or Enter, or press ? or * to list all spells.
Aiming: Inner Flame (safe; 1% risk of failure)
Press: ? - help, Shift-Dir - straight line, f/p - centaur warrior
Aim: a centaur warrior, wielding a +0 shortbow and quivering arrows (chance to affect: 84%)
You feel a surge of power!
The centaur warrior is filled with an inner flame.
The centaur warrior shoots an arrow.
The arrow hits you!!
Casting: Inner Flame (safe; 1% risk of failure)
Confirm with . or Enter, or press ? or * to list all spells.
Aiming: Fireball (dangerous; 2% risk of failure)
Press: ? - help, Shift-Dir - straight line, p - centaur warrior You feel a surge of power!
The fireball explodes!
The fireball engulfs the centaur warrior!!
Flame seeps out of the centaur warrior.
The centaur warrior is moderately wounded.
The centaur warrior is engulfed in blazing flames.
Flame seeps out of the centaur warrior.
The centaur warrior shoots an arrow.
The arrow hits you!
* * * LOW HITPOINT WARNING * * *
The centaur warrior is engulfed in blazing flames.
Flame seeps out of the centaur warrior.
The centaur warrior shoots an arrow.
The arrow hits you!!
You die...

.........'.......^...
#.......##'########## .
#.......#.........#.. ..
#.......#.........#..
...#########.........#..
............(.......#..
####............######<.
...........######.......
.......@................
........................
........................
.c...$..................
########################


You could see a centaur warrior (inner flame).

Vanquished Creatures
  A boulder beetle (D:9)
  A two-headed ogre (D:10)
  Maggie (D:8)
  A komodo dragon (D:6)
  A troll (D:9)
  4 wyverns
  8 yaks
  A wraith (D:10)
  2 steam dragons
  2 water moccasins (D:8)
  3 orc warriors
  2 ice beasts
  2 necrophages (D:7)
  5 ogres
  3 centaurs
  A phantom (D:6)
  A bullfrog (D:7)
  4 scorpions
  A gnoll sergeant (D:5)
  A water moccasin zombie (D:6)
  5 killer bees
  7 wights
  A howler monkey (D:4)
  A bullfrog zombie (D:7)
  2 centaur zombies
  A hound (D:5)
  5 jellies
  4 orc priests
  A centaur skeleton (D:6)
  A gnoll shaman (D:8)
  3 iguanas
  An orc wizard (D:10)
  2 hound skeletons
  15 gnolls
  4 howler monkey skeletons
  8 adders
  3 white imps
  An adder skeleton (D:4)
  2 worms (D:2)
  3 dart slugs
  18 orcs
  5 bats
  5 endoplasms
  4 giant cockroaches
  5 goblins
  8 hobgoblins
  6 jackals
  3 quokkas
  5 ball pythons
  3 frilled lizards
  5 kobolds
  4 rats
186 creatures vanquished.

Vanquished Creatures (others)
  711 foxfires
  4 fungi (D:9)
  8 plants
723 creatures vanquished.

Grand Total: 909 creatures vanquished

Notes
Turn   | Place    | Note
-------+----------+-------------------------------------------
     0 | D:1      | Conn the Octopode Fire Elementalist began the quest for the
                  | Orb.
     0 | D:1      | Reached XP level 1. HP: 11/11 MP: 3/3
   396 | D:1      | Reached XP level 2. HP: 13/17 MP: 0/5
  1744 | D:2      | Reached XP level 3. HP: 21/21 MP: 3/6
  2355 | D:2      | Reached XP level 4. HP: 25/27 MP: 3/7
  2447 | D:1      | Learned a level 3 spell: Conjure Flame
  2451 | D:1      | Learned a level 3 spell: Inner Flame
  2888 | D:2      | Noticed Terence
  4220 | D:3      | Reached skill level 4 in Fire Magic
  4545 | D:3      | Reached XP level 5. HP: 31/31 MP: 9/9
  4822 | D:3      | Found a faded altar of an unknown god.
  5322 | D:4      | Noticed a wyvern
  5331 | D:4      | Killed a wyvern
  5332 | D:4      | Reached skill level 1 in Short Blades
  5332 | D:4      | Reached XP level 6. HP: 28/37 MP: 2/10
  5907 | D:4      | Reached XP level 7. HP: 42/42 MP: 7/11
  5999 | D:4      | Reached skill level 5 in Fire Magic
  6262 | D:5      | Entered Level 5 of the Dungeon
  6340 | D:5      | Reached skill level 1 in Fighting
  6432 | D:5      | Found a radiant altar of Vehumet.
  6784 | D:5      | Reached skill level 5 in Stealth
  6948 | D:5      | Reached XP level 8. HP: 48/48 MP: 0/13
  7719 | D:5      | Reached skill level 6 in Fire Magic
  8161 | D:6      | Learned a level 4 spell: Sticky Flame
  8483 | D:6      | Learned a level 2 spell: Blink
  8549 | D:6      | Noticed a komodo dragon
  8564 | D:6      | Killed a komodo dragon
  8565 | D:6      | Reached skill level 5 in Conjurations
  8705 | D:6      | Found a transporter.
  8705 | D:6      | Found a transporter.
  8708 | D:6      | Noticed sorkRocket's ghost (amateur MiFi)
  8719 | D:6      | Reached skill level 7 in Fire Magic
  8719 | D:6      | Noticed a hornet
  8804 | D:6      | Reached XP level 9. HP: 53/53 MP: 11/16
  9118 | D:6      | Reached skill level 5 in Spellcasting
  9118 | D:6      | Reached skill level 8 in Fire Magic
  9465 | D:6      | Learned a level 5 spell: Fireball
 10353 | D:7      | Reached XP level 10. HP: 58/58 MP: 13/18
 10398 | D:7      | Found a staircase to the Ecumenical Temple.
 10404 | Temple   | Entered the Ecumenical Temple
 10462 | Temple   | Became a worshipper of Sif Muna the Loreminder
 11230 | D:8      | Noticed Maggie
 11233 | D:8      | Killed Maggie
 11234 | D:8      | Reached skill level 9 in Fire Magic
 11354 | D:8      | Learned a level 3 spell: Summon Guardian Golem
 11441 | D:8      | Reached skill level 1 in Hexes
 11657 | D:8      | Found a sacrificial altar of Ru.
 11664 | D:8      | Found a stormy altar of Qazlal.
 11971 | D:9      | Found a staircase to the Lair.
 12045 | D:9      | Noticed a boulder beetle
 12106 | D:9      | Reached skill level 1 in Summonings
 12106 | D:9      | Reached skill level 1 in Translocations
 12554 | D:9      | Killed a boulder beetle
 12555 | D:9      | Reached skill level 1 in Invocations
 12752 | D:9      | Found a sparkling altar of Nemelex Xobeh.
 13052 | D:10     | Entered Level 10 of the Dungeon
 13101 | D:10     | Reached XP level 11. HP: 46/63 MP: 6/21
 13214 | D:10     | Noticed a two-headed ogre
 13221 | D:10     | Killed a two-headed ogre
 13590 | D:10     | Found a staircase to the Orcish Mines.
 13679 | D:10     | Reached * piety under Sif Muna
 13983 | D:10     | Noticed a centaur warrior
 13987 | D:10     | Shot with an arrow by a centaur warrior

Illustrated notes

Levels and vault maps discovered:
D:1:      nicolae_arrival_somewhat_less_tricky_arrival, layout_loops_corners,
          chequers_jeans
D:2:      layout_loops_ring, st_stairs_12, uniq_terence
D:3:      layout_loops_ring, shapermc_ecumenical_altar_ellora,
          hangedman_decor_lopped
D:4:      layout_basic
D:5:      layout_basic, mainiacjoe_overflow_boulevard, minmay_puff
D:6:      layout_rooms, gammafunk_ghost_hive, minivault_26,
          serial_bayou_crossing
D:7:      layout_loops_ring, minmay_temple_entry_nine_rooms, st_stairs_3,
          minmay_misc_feat_x
D:8:      layout_rooms, amethyst_overflow_temple_binary, uniq_maggie
D:9:      layout_small_grid, mainiacjoe_overflow_chevrons, dpeg_oklobed_lair
D:10:     layout_grid_maze, orc_0_dummy
Temple:   regret_index_temple_mists

Skill      XL: |  1  2  3  4  5  6  7  8  9 10 11 |
---------------+----------------------------------+-----
Stealth        | 3 4 5 6 |  6.0
Fire Magic     | 4 5 7 8 9 |  9.4
Conjurations   | 2 4 5 7 8 |  8.3
Short Blades   | 1 2 3 |  3.6
Spellcasting   | 3 4 5 7 |  7.4
Fighting       | 1 |  1.6
Dodging        | 3 |  3.4
Hexes          | 2 3 |  3.2
Summonings     | 1 2 |  2.3
Translocations | 2 3 |  3.2
Invocations    | 1 2 |  2.2

Action                   |  1- 3 |  4- 6 |  7- 9 | 10-12 || total
-------------------------+-------+-------+-------+-------++-------
Melee: Unarmed           |    33 |       |       |       ||    33
       Constrict         |    11 |     7 |     8 |     2 ||    28
       Tentacles         |     8 |     9 |     4 |     3 ||    24
       Dagger            |     5 |       |       |       ||     5
       Short sword       |       |    42 |    32 |    18 ||    92
 Cast: Foxfire           |    65 |    54 |   190 |   113 ||   422
       Inner Flame       |       |     3 |     2 |    12 ||    17
       Conjure Flame     |       |     2 |     1 |     1 ||     4
       Sticky Flame      |       |       |     5 |    15 ||    20
       Blink             |       |       |     2 |     1 ||     3
       Fireball          |       |       |     1 |     8 ||     9
       Summon Guardian G |       |       |       |     4 ||     4
Evoke: Wand              |       |       |     2 |       ||     2
  Use: Potion            |       |     2 |     3 |       ||     5
       Scroll            |       |       |    13 |     1 ||    14
 Stab: Sleeping          |     3 |     7 |     1 |     3 ||    14
Armor: Skin              |     7 |     3 |     4 |     7 ||    21
Dodge: Dodged            |    33 |    27 |    39 |    32 ||   131

Table legend: (Time is in decaauts)
 A = Elapsed time spent in this place.
 B = Non-inter-level travel time spent in this place.
 C = Inter-level travel time spent in this place.
 D = Time resting spent in this place.
 E = Time spent auto-exploring this place.
 F = Levels seen in this place.
 G = Mean time per level.
                   A        B        C        D        E       F      G
               +--------+--------+--------+--------+--------+-----+--------+
         Total |  13974 |  13682 |    292 |   1682 |   8936 |  11 | 1270.4 |
       Dungeon |  13900 |  13624 |    276 |   1682 |   8936 |  10 | 1390.0 |
        Temple |     74 |     58 |     16 |      0 |      0 |   1 |   74.0 |
               +--------+--------+--------+--------+--------+-----+--------+

Top non-repeatable levels by time:
     D:1: 2474 daAuts
     D:5: 1697 daAuts
     D:2: 1688 daAuts
     D:6: 1343 daAuts
     D:4: 1254 daAuts
     D:8: 1195 daAuts
     D:7: 1186 daAuts
     D:3: 1145 daAuts
     D:9: 981 daAuts
    D:10: 934 daAuts
  Temple: 74 daAuts
